AoeStats
← Morgoth_Ak

Baltic

510311759Analyzed
3v3 RM · 3d ago on Sep 30, 2026· 71m 31s· 6 players
Game mode
Random Map
Map size
Normal (6 player)
Population
200
Speed
Normal
Resources
Standard
Victory
Conquest
Starting age
Dark Age
Ending age
Imperial Age
RankedLock teamsTeams togetherTeam positionsShared explorationLock speedFull tech treeHidden civsTurbo modeCheats
Victory
Defeat
🇧🇷 Burgundians · Brazil
1099
+16
🇺🇸 Danes · United States
1095
+16
🇨🇳 Spanish · China
1084
+16
🇫🇷 Mongols · France
1105
-17
🇹🇷 Varangians · Türkiye
1099
-16
🇬🇧 Celts · United Kingdom
1060
-15
Sam
8:41 Loom
10:27 Feudal Age
8:46 Loom
13:24 Double-Bit Axe
15:59 Bow Saw
18:24 Castle Age
19:22 Cavalier
20:45 Scale Barding Armor
20:51 Forging
21:18 Husbandry
26:52 Wheelbarrow
26:05 Town Watch
26:04 Horse Collar
26:27 Stone Mining
27:45 Two-Man Saw
28:19 Heavy Plow
29:22 Stone Shaft Mining
29:53 Crop Rotation
29:20 Gold Mining
33:23 Hand Cart
36:14 Ballistics
38:39 Imperial Age
36:24 Fletching
37:23 Treadmill Crane
37:53 Masonry
40:21 Chemistry
40:19 Conscription
40:38 Hoardings
40:36 Architecture
40:03 Murder Holes
41:13 Gold Shaft Mining
42:26 Town Patrol
47:10 Elite Skirmisher
47:13 Paladin
48:05 Burgundian Vineyards
48:29 Sappers
49:17 Caravan
57:44 Elite Skirmisher
57:45 Light Cavalry
58:57 Chain Barding Armor
59:12 Iron Casting
58:32 Bodkin Arrow
58:33 Hussar
61:01 Plate Barding Armor
72:44 Blast Furnace
Sofiya
10:42 Feudal Age
11:06 Feudal Age
14:54 Castle Age
13:29 Double-Bit Axe
13:28 Horse Collar
14:39 Loom
16:08 Scale Barding Armor
19:09 Sanctity
19:41 Fervor
26:58 Imperial Age
25:01 Gold Mining
26:02 Redemption
26:40 Chain Barding Armor
26:10 Town Watch
28:12 Inquisition
28:29 Block Printing
28:40 Illumination
28:50 Theocracy
30:09 Plate Barding Armor
45:54 Atonement
53:21 Chemistry
54:39 Ballistics
56:01 Fletching
Acadia744
10:46 Loom
12:31 Feudal Age
17:00 Castle Age
17:26 Forging
17:08 Double-Bit Axe
17:47 Pikeman
20:02 Squires
20:20 Town Watch
21:09 Fletching
23:47 Wheelbarrow
23:55 Bodkin Arrow
26:52 Ballistics
29:19 Careening
31:52 Masonry
33:01 Medium Warships
37:11 Imperial Age
37:04 Iron Casting
36:17 Gambesons
36:31 Horse Collar
37:32 Heavy Plow
40:20 Hoardings
41:50 Conscription
43:43 Scale Mail Armor
43:24 Elite Jomsviking
43:55 Arson
48:09 Blast Furnace
48:41 Chain Mail Armor
49:09 Heavy Warships
49:13 Dry Dock
49:56 Clinker Construction
50:48 Gold Mining
50:44 Hamask
52:21 Hand Cart
52:51 Bow Saw
54:18 Elite Varangian Guard
56:55 Plate Mail Armor
Alex
10:15 Feudal Age
11:46 Double-Bit Axe
13:23 Man-at-Arms
14:03 Horse Collar
14:54 Arson
17:05 Forging
18:47 Gold Mining
22:21 Castle Age
23:25 Scale Mail Armor
22:48 Pikeman
22:49 Long Swordsman
24:21 Chain Mail Armor
24:25 Bow Saw
24:18 Heavy Plow
24:52 Gambesons
26:39 Iron Casting
26:08 Loom
30:41 Stone Mining
32:15 Stone Shaft Mining
36:18 Imperial Age
34:10 Fletching
34:54 Devotion
36:13 Bodkin Arrow
36:33 Fortified Wall
38:40 Wheelbarrow
38:54 Plate Mail Armor
39:59 Blast Furnace
40:31 Faith
41:25 Hand Cart
41:32 Town Watch
42:36 Gold Shaft Mining
48:07 Elite Woad Raider
49:34 Hoardings
Morgoth_Ak
4:07 Loom
9:45 Feudal Age
12:06 Forging
12:36 Double-Bit Axe
15:57 Wheelbarrow
16:23 Horse Collar
22:00 Castle Age
20:40 Fletching
20:50 Padded Archer Armor
21:05 Bloodlines
21:25 Gold Mining
23:25 Bow Saw
23:26 Bodkin Arrow
23:47 Leather Archer Armor
26:36 Hand Cart
29:18 Gold Shaft Mining
29:12 Scale Barding Armor
30:47 Ballistics
32:53 Stone Mining
35:38 Imperial Age
33:46 Town Watch
35:16 Nomads
36:45 Heresy
36:24 Herbal Medicine
36:31 Elite Skirmisher
37:38 Parthian Tactics
37:22 Bracer
37:43 Chain Barding Armor
36:45 Pikeman
37:26 Squires
38:42 Conscription
37:48 Elite Mangudai
38:51 Drill
40:29 Stone Shaft Mining
40:16 Town Patrol
40:21 Heavy Plow
40:26 Scale Mail Armor
41:01 Iron Casting
42:15 Onager
43:54 Siege Onager
46:48 Chemistry
49:14 Husbandry
48:35 Light Cavalry
51:39 Hussar
57:42 Blast Furnace
56:57 Chain Mail Armor
67:04 Caravan
70:54 Elite Mangudai
Demonte
8:46 Loom
11:13 Feudal Age
12:01 Double-Bit Axe
17:54 Wheelbarrow
17:12 Gold Mining
22:00 Castle Age
19:55 Fletching
22:55 Medium Warships
22:48 Bodkin Arrow
23:04 Bow Saw
22:57 Fishing Lines
24:09 Hand Cart
23:39 Town Watch
23:49 Gillnets
25:34 Ballistics
26:42 Careening
26:43 Clinker Construction
29:00 Stone Mining
34:06 Imperial Age
34:26 Stone Shaft Mining
33:39 Treadmill Crane
34:11 Masonry
35:14 Heavy Warships
34:16 Elite Longship
35:10 Bracer
36:13 Chemistry
35:53 Conscription
37:12 Two-Man Saw
38:40 Dry Dock
38:42 Carvel Hull
43:58 Siege Engineers
43:50 Murder Holes
45:58 Elite Jarl
46:02 Vendel Legacy
47:38 Bloodlines
48:09 Scale Barding Armor
48:14 Forging
49:20 Chain Barding Armor
50:30 Iron Casting
50:38 Plate Barding Armor
52:12 Blast Furnace
53:37 Elite Varangian Guard
55:11 Light Cavalry
55:56 Husbandry
56:43 Caravan
57:13 Coinage
56:54 Guilds
56:13 Hussar
58:55 Capped Ram
60:03 Siege Ram
63:39 Banking
63:19 Guilds
69:18 Pikeman
69:59 Squires
69:44 Gambesons
69:47 Arson
70:06 Scale Mail Armor
Connection lost

Rejoining the realm…

Still unreachable

The connection could not be restored.

Session expired

The server has moved on; the page needs a fresh start.